 Dungeon Crawl Stone Soup version 0.26.1-11-gd32895ea62 (webtiles) character file.

Game seed: 15763846391908137991

57 DildoBatman the Conjurer (level 4, -1/30 HPs)
             Began as a Formicid Conjurer on July 14, 2021.
             Slain by a goblin
             ... wielding a +0 club
              (4 damage)
             ... on level 2 of the Dungeon.
             The game lasted 00:03:17 (1305 turns).

DildoBatman the Conjurer (Formicid Conjurer)        Turns: 1305, Time: 00:03:18

Health: -1/30      AC:  2    Str: 12    XL:     4   Next: 18%
Magic:  7/7        EV: 16    Int: 17    God:
Gold:   108        SH:  0    Dex: 10    Spells: 4/7 levels left

rFire    . . .     SeeInvis +   h - +0 short sword
rCold    . . .     Faith    .   (no shield)
rNeg     . . .     Spirit   .   a - +0 robe
rPois    .         Reflect  .   (helmet unavailable)
rElec    .         Harm     .   (no cloak)
rCorr    .         Rampage  .   (no gloves)
Will     .....                  (no boots)
Stlth    ++........             (no amulet)
HPRegen  0.10/turn              j - +4 ring of evasion
MPRegen  0.10/turn              (no ring)

@: no status effects
A: permanent stasis, dig shafts and tunnels, four strong arms, antennae 3
a: Dig, Shaft Self


You were on level 2 of the Dungeon.
You visited 1 branch of the dungeon, and saw 2 of its levels.

You collected 108 gold pieces.

Inventory:

Hand Weapons
 h - a +0 short sword (weapon)
Missiles
 e - 11 sling bullets
 f - 49 stones
 i - 20 arrows
Armour
 a - a +0 robe (worn)
Jewellery
 j - a +4 ring of evasion (left hand)
Scrolls
 b - 3 scrolls of identify {unknown}
 c - 4 scrolls of magic mapping {unknown}
 k - a scroll of amnesia {unknown}
Potions
 d - 2 potions of magic {unknown}
 g - a potion of degeneration {unknown}


   Skills:
 - Level 1.7 Dodging
 - Level 2.4 Stealth
 - Level 2.1 Spellcasting
 * Level 5.0 Conjurations


You had 4 spell levels left.
You knew the following spells:

 Your Spells              Type           Power        Failure   Level
a - Searing Ray           Conj           36%          3%          2
c - Magic Dart            Conj           72%          2%          1

Your spell library contained the following spells:

 Spells                   Type           Power        Failure   Level
 Dazzling Flash           Conj/Hex       20%          21%         3
 Fulminant Prism          Conj/Hex       5%           56%         4
 Iskenderun's Mystic Bla  Conj/Tloc      10%          56%         4


Dungeon Overview and Level Annotations

Branches:
Dungeon (2/15)

Altars:
Xom

Annotations:
D:2 1 runed translucent door, Crazy Yiuf


Innate Abilities, Weirdness & Mutations

You cannot be hasted, slowed, berserked, paralysed or teleported.
You can dig through walls and to a lower floor.
Your four strong arms can wield two-handed weapons with a shield.
You have a pair of large antennae on your head. (SInv)


Message History

g - Guard the area. f - Follow me.
Anything else - Cancel.
You shout for attention!
The goblin closely misses you. What are your orders? t - Shout!
Orders for allies: a - Attack new target. r - Retreat! s - Stop attacking. g - Guard the area. f - Follow me.
Anything else - Cancel.
You shout for attention!
What are your orders? t - Shout!
Orders for allies: a - Attack new target. r - Retreat! s - Stop attacking. g - Guard the area. f - Follow me.
Anything else - Cancel.
You shout for attention!
The goblin hits you with a +0 club.
You die...

#.# #.# #.#####.######
#####>...........#
#....##..........#
#....##..........# ..
#....##..........#
....###....##...........
#.....g.....#..........#
####@....#...########
#.........# #.....#...#
###...#...# ### ♣
##_##..##### #..{#♣
##.####.# #...+.
#.##..#.# #)..#♣
#.#.#†#.# ### ##.##...#


You could see a goblin.

Vanquished Creatures
  3 oozes
  A worm (D:2)
  2 dart slugs
  A ball python (D:1)
  3 giant cockroaches (D:1)
  4 goblins (D:1)
  6 hobgoblins
  9 kobolds
  A bat (D:1)
  3 frilled lizards (D:1)
  3 rats
36 creatures vanquished.

Notes
Turn   | Place    | Note
-------+----------+-------------------------------------------
     0 | D:1      | DildoBatman the Formicid Conjurer began the quest for the
                  | Orb.
     0 | D:1      | Reached XP level 1. HP: 13/13 MP: 3/3
   203 | D:1      | Reached XP level 2. HP: 13/19 MP: 1/5
   206 | D:1      | Learned a level 2 spell: Searing Ray
   235 | D:1      | Reached skill level 4 in Conjurations
   426 | D:1      | Reached XP level 3. HP: 22/24 MP: 2/6
  1123 | D:2      | Found a runed translucent door.
  1124 | D:2      | Noticed Crazy Yiuf
  1199 | D:2      | Reached XP level 4. HP: 23/30 MP: 0/7
  1219 | D:2      | Reached skill level 5 in Conjurations
  1231 | D:2      | Found a shimmering altar of Xom.
  1305 | D:2      | Slain by a goblin

Illustrated notes

Levels and vault maps discovered:
D:1:      minmay_arrival_loop, layout_loops_ring
D:2:      layout_basic, marbit_many_paths, nrook_mini_vaults,
          uniq_crazy_yiuf_cottage, uniq_terence

Skill      XL: |  1  2  3  4 |
---------------+-------------+-----
Conjurations   | 4 5 |  5.0
Dodging        | |  1.7
Stealth        | |  2.4
Spellcasting   | |  2.1

Action                   |  1- 3 |  4- 6 || total
-------------------------+-------+-------++-------
Melee: Unarmed           |    11 |       ||    11
       Club              |    16 |       ||    16
       Short sword       |     3 |    15 ||    18
 Cast: Magic Dart        |    24 |       ||    24
       Searing Ray       |    15 |       ||    15
 Abil: Dig               |       |     1 ||     1
 Stab: Sleeping          |     1 |       ||     1
Armor: Robe              |    11 |     5 ||    16
Dodge: Dodged            |    34 |    42 ||    76
